BSA
ORLANDO CALRISSIAN @ SPRINGFIELD STARS
09/24/2029
 
TOP OF THE 1ST
Orlando Calrissian batting - Pitching for Springfield Stars : LHP Marcos Flores
Pitching: LHP Marcos Flores
Batting: RHB Jesús Gonzáles 0-0: Called Strike
0-1: Swinging Strike
0-2: Ball
1-2: Strikes out looking
Batting: RHB Júlio Negrón 0-0: Ground out 5-3 (Groundball, 56)
Batting: RHB Rich Anderson 0-0: Called Strike
0-1: Foul Ball, location: 2F
0-2: Ball
1-2: SINGLE (Line Drive, 8LS)
Batting: RHB Raúl Canó 0-0: DOUBLE (Flyball, 8RXD)
Rich Anderson to third
Batting: RHB Frederico Hernández 0-0: Swinging Strike
0-1: Swinging Strike
0-2: Foul Ball, location: 2F
0-2: Strikes out swinging
Top of the 1st over - 0 runs, 2 hits, 0 errors, 2 left on base; Orlando 0 - Springfield 0
BOTTOM OF THE 1ST
Springfield Stars batting - Pitching for Orlando Calrissian : LHP Mark Collins
Pitching: LHP Mark Collins
Batting: RHB Norberto Taváres 0-0: Ball
1-0: Ball
2-0: Swinging Strike
2-1: Called Strike
2-2: Ball
3-2: Foul Ball, location: 2F
3-2: Ground out 5-3 (Groundball, 5L)
Batting: RHB Gabriel Erwin 0-0: Swinging Strike
0-1: Fly out, F4 (Popup, 4S)
Batting: LHB Derek Davidson 0-0: Ball
1-0: Foul Ball, location: 2F
1-1: Foul Ball, location: 2F
1-2: Foul Ball, location: 2F
1-2: Fly out, F8 (Flyball, 8RM)
Bottom of the 1st over - 0 runs, 0 hits, 0 errors, 0 left on base; Orlando 0 - Springfield 0
TOP OF THE 2ND
Orlando Calrissian batting - Pitching for Springfield Stars : LHP Marcos Flores
Batting: RHB Robby Lewis 0-0: Fly out, F8 (Flyball, 8RS)
Batting: LHB Juan Colón 0-0: Swinging Strike
0-1: Ball
1-1: Reached on error, E6 (Groundball, 6M)
Batting: RHB Keith Sims 0-0: Ground out 6-3 (Groundball, 56)
Batting: LHB Craig Kenney 0-0: Called Strike
0-1: Called Strike
0-2: Ball
1-2: Strikes out looking
Top of the 2nd over - 0 runs, 0 hits, 1 error, 1 left on base; Orlando 0 - Springfield 0
BOTTOM OF THE 2ND
Springfield Stars batting - Pitching for Orlando Calrissian : LHP Mark Collins
Batting: LHB Felipe Guerrero 0-0: Foul Ball, location: 2F
0-1: Foul Ball, location: 2F
0-2: Ground out 6-3 (Groundball, 6M)
Batting: LHB Elliott Newell 0-0: Ball
1-0: Hit by Pitch
Batting: RHB Juan Carlos Rodríguez 0-0: Foul Ball, location: 2F
0-1: Ball
1-1: Swinging Strike
1-2: Ball
2-2: Fly out, F9 (Flyball, 9LMF)
Batting: RHB Will Sterling 0-0: Ball
1-0: Ball
2-0: Foul Ball, location: 2F
2-1: Fly out, F9 (Flyball, 89M)
Bottom of the 2nd over - 0 runs, 0 hits, 0 errors, 1 left on base; Orlando 0 - Springfield 0
TOP OF THE 3RD
Orlando Calrissian batting - Pitching for Springfield Stars : LHP Marcos Flores
Batting: RHB Jesús Gonzáles 0-0: Called Strike
0-1: Ball
1-1: Ball
2-1: Called Strike
2-2: Strikes out swinging
Batting: RHB Júlio Negrón 0-0: SOLO HOME RUN (Flyball, 7D), Distance : 378 ft
Batting: RHB Rich Anderson 0-0: Ball
1-0: Called Strike
1-1: Ground out 5-3 (Groundball, 56S)
Batting: RHB Raúl Canó 0-0: Foul Ball, location: 2F
0-1: Ball
1-1: Swinging Strike
1-2: Foul Ball, location: 2F
1-2: Foul Ball, location: 2F
1-2: Foul Ball, location: 2F
1-2: SOLO HOME RUN (Flyball, 78XD), Distance : 437 ft
Batting: RHB Frederico Hernández 0-0: Called Strike
0-1: Ball
1-1: Ball
2-1: Swinging Strike
2-2: Fly out, F7 (Flyball, 7LS)
Top of the 3rd over - 2 runs, 2 hits, 0 errors, 0 left on base; Orlando 2 - Springfield 0
BOTTOM OF THE 3RD
Springfield Stars batting - Pitching for Orlando Calrissian : LHP Mark Collins
Batting: LHB Jesús Tobías 0-0: Ball
1-0: Swinging Strike
1-1: Foul Ball, location: 2F
1-2: SINGLE (Groundball, 4D)
Batting: LHB Mike Pearson 0-0: Foul Ball, location: 2F
0-1: Called Strike
0-2: Ball
1-2: SINGLE (Groundball, 56) (infield hit)
Jesús Tobías to second
Batting: RHB Norberto Taváres 0-0: Called Strike
0-1: Called Strike
0-2: Ball
1-2: Foul Ball, location: 2F
1-2: Strikes out swinging
Batting: RHB Gabriel Erwin 0-0: Called Strike
0-1: Ball
1-1: Ball
2-1: Foul Ball, location: 2F
2-2: Fly out, F6 (Popup, 6D)
Batting: LHB Derek Davidson 0-0: Called Strike
0-1: Ball
1-1: Swinging Strike
1-2: Foul Ball, location: 2F
1-2: Strikes out swinging
Bottom of the 3rd over - 0 runs, 2 hits, 0 errors, 2 left on base; Orlando 2 - Springfield 0
TOP OF THE 4TH
Orlando Calrissian batting - Pitching for Springfield Stars : LHP Marcos Flores
Batting: RHB Robby Lewis 0-0: Fly out, F9 (Flyball, 9S)
Batting: LHB Juan Colón 0-0: Foul Ball, location: 2F
0-1: Ball
1-1: Ball
2-1: Ball
3-1: Ground out 5-3 (Groundball, 5)
Batting: RHB Keith Sims 0-0: Ball
1-0: Ball
2-0: Called Strike
2-1: Fly out, F9 (Flyball, 9S)
Top of the 4th over - 0 runs, 0 hits, 0 errors, 0 left on base; Orlando 2 - Springfield 0
BOTTOM OF THE 4TH
Springfield Stars batting - Pitching for Orlando Calrissian : LHP Mark Collins
Batting: LHB Felipe Guerrero 0-0: Swinging Strike
0-1: Ball
1-1: SINGLE (Groundball, 34D)
Batting: LHB Elliott Newell 0-0: Called Strike
Felipe Guerrero steals 2nd base
0-1: Ball
1-1: Swinging Strike
1-2: Foul Ball, location: 2F
1-2: Ball
2-2: Foul Ball, location: 2F
2-2: Strikes out swinging
Batting: RHB Juan Carlos Rodríguez 0-0: Ball
1-0: Foul Ball, location: 2F
1-1: Foul Ball, location: 2F
1-2: Foul Ball, location: 2F
1-2: Strikes out swinging
Batting: RHB Will Sterling 0-0: Foul Ball, location: 2F
0-1: Ball
1-1: Called Strike
1-2: Strikes out swinging
Bottom of the 4th over - 0 runs, 1 hit, 0 errors, 1 left on base; Orlando 2 - Springfield 0
TOP OF THE 5TH
Orlando Calrissian batting - Pitching for Springfield Stars : LHP Marcos Flores
Batting: LHB Craig Kenney 0-0: Called Strike
0-1: Ball
1-1: Fly out, F9 (Flyball, 89D)
Batting: RHB Jesús Gonzáles 0-0: Fly out, F5 (Line Drive, 56)
Batting: RHB Júlio Negrón 0-0: Ball
1-0: Ball
2-0: Ball
3-0: Foul Ball, location: 2F
3-1: SINGLE (Line Drive, 56)
Batting: RHB Rich Anderson 0-0: Called Strike
0-1: Swinging Strike
0-2: Ball
1-2: Fly out, F3 (Popup, 23F)
Top of the 5th over - 0 runs, 1 hit, 0 errors, 1 left on base; Orlando 2 - Springfield 0
BOTTOM OF THE 5TH
Springfield Stars batting - Pitching for Orlando Calrissian : LHP Mark Collins
Batting: LHB Jesús Tobías 0-0: Ball
1-0: Called Strike
1-1: Foul Ball, location: 2F
1-2: Foul Ball, location: 2F
1-2: Fly out, F9 (Flyball, 89D)
Batting: LHB Mike Pearson 0-0: Called Strike
0-1: Ball
1-1: Swinging Strike
1-2: SOLO HOME RUN (Line Drive, 9D), Distance : 411 ft
Batting: RHB Norberto Taváres 0-0: Ball
1-0: Ball
2-0: Ball
3-0: Called Strike
3-1: Base on Balls
Batting: RHB Gabriel Erwin 0-0: Called Strike
0-1: Grounds into double play, 4-6-3 (Groundball, 34)
Bottom of the 5th over - 1 run, 1 hit, 0 errors, 0 left on base; Orlando 2 - Springfield 1
TOP OF THE 6TH
Orlando Calrissian batting - Pitching for Springfield Stars : LHP Marcos Flores
Batting: RHB Raúl Canó 0-0: Called Strike
0-1: Foul Ball, location: 2F
0-2: Reached via error on a dropped throw, E1
Pinch Runner at 1st Jason Mason:
Batting: RHB Frederico Hernández 0-0: Ball
1-0: Swinging Strike
1-1: Ball
2-1: Ground out 6-3 (Groundball, 6S)
Jason Mason to second
Batting: RHB Robby Lewis 0-0: Ball
1-0: Foul Ball, location: 2F
1-1: Called Strike
Jason Mason steals 3rd base
1-2: Ball
2-2: Strikes out swinging
Batting: LHB Juan Colón 0-0: Ball
1-0: Ball
2-0: Hit by Pitch
Batting: RHB Keith Sims 0-0: Called Strike
0-1: Swinging Strike
0-2: Ground out 1-3 (Groundball, 13)
Top of the 6th over - 0 runs, 0 hits, 1 error, 2 left on base; Orlando 2 - Springfield 1
BOTTOM OF THE 6TH
Springfield Stars batting - Pitching for Orlando Calrissian : LHP Mark Collins
Now in LF: Javier Jiménez
Batting: LHB Derek Davidson 0-0: Ball
1-0: Ground out 4-3 (Groundball, 4)
Batting: LHB Felipe Guerrero 0-0: Called Strike
0-1: Foul Ball, location: 2F
0-2: Strikes out swinging
Batting: LHB Elliott Newell 0-0: Ball
1-0: Ground out 1-3 (Groundball, 13S)
Bottom of the 6th over - 0 runs, 0 hits, 0 errors, 0 left on base; Orlando 2 - Springfield 1
TOP OF THE 7TH
Orlando Calrissian batting - Pitching for Springfield Stars : LHP Marcos Flores
Pitching: RHP Rien Middelkamp
Batting: LHB Craig Kenney 0-0: Called Strike
0-1: Ground out 5-3 (Groundball, 56)
Pitching: RHP Luis Cortéz
Now at 3B: Dave Henderson
Batting: RHB Jesús Gonzáles 0-0: Called Strike
0-1: Called Strike
0-2: Strikes out swinging
Batting: RHB Júlio Negrón 0-0: SOLO HOME RUN (Flyball, 7LD), Distance : 446 ft
Batting: RHB Rich Anderson 0-0: SINGLE (Groundball, 34D)
Batting: SHB Javier Jiménez 0-0: Ball
1-0: Called Strike
1-1: Swinging Strike
1-2: Ball
2-2: Ball
3-2: Foul Ball, location: 2F
3-2: Base on Balls
Rich Anderson to second
Pinch Hitting: SHB Tim Abbott 0-0: Ball
1-0: Ball
2-0: Foul Ball, location: 2F
2-1: Ball
3-1: Called Strike
3-2: Fly out, F6 (Flyball, 56D)
Top of the 7th over - 1 run, 2 hits, 0 errors, 2 left on base; Orlando 3 - Springfield 1
BOTTOM OF THE 7TH
Springfield Stars batting - Pitching for Orlando Calrissian : LHP Mark Collins
Now in RF: Danny Allen
Batting: RHB Juan Carlos Rodríguez 0-0: Ball
1-0: DOUBLE (Flyball, 78D)
Batting: RHB Will Sterling 0-0: Called Strike
0-1: Ball
1-1: Foul Ball, location: 2F
1-2: Strikes out looking
Batting: RHB Dave Henderson 0-0: Called Strike
0-1: Foul Ball, location: 2F
0-2: Foul Ball, location: 2F
0-2: Foul Ball, location: 2F
0-2: Foul Ball, location: 2F
0-2: Strikes out swinging
Batting: LHB Mike Pearson 0-0: Ball
1-0: Ground out U3 (Groundball, 3)
Bottom of the 7th over - 0 runs, 1 hit, 0 errors, 1 left on base; Orlando 3 - Springfield 1
TOP OF THE 8TH
Orlando Calrissian batting - Pitching for Springfield Stars : RHP Luis Cortéz
Batting: RHB Robby Lewis 0-0: Ground out 4-3 (Groundball, 4)
Batting: LHB Juan Colón 0-0: Foul Ball, location: 2F
0-1: Foul Ball, location: 2F
0-2: Ball
1-2: Ball
2-2: Strikes out swinging
Batting: RHB Keith Sims 0-0: Foul Ball, location: 2F
0-1: Ball
1-1: Called Strike
1-2: Strikes out looking
Top of the 8th over - 0 runs, 0 hits, 0 errors, 0 left on base; Orlando 3 - Springfield 1
BOTTOM OF THE 8TH
Springfield Stars batting - Pitching for Orlando Calrissian : LHP Mark Collins
Batting: RHB Norberto Taváres 0-0: Ball
1-0: Ball
2-0: Foul Ball, location: 2F
2-1: Foul Ball, location: 2F
2-2: Strikes out swinging
Pitching: RHP Will Huggins
Batting: RHB Gabriel Erwin 0-0: Ball
1-0: Called Strike
1-1: Ball
2-1: Ball
3-1: Ground out 6-3 (Groundball, 6S)
Batting: LHB Derek Davidson 0-0: Swinging Strike
0-1: Ball
1-1: Called Strike
1-2: Fly out, F8 (Line Drive, 8RS)
Bottom of the 8th over - 0 runs, 0 hits, 0 errors, 0 left on base; Orlando 3 - Springfield 1
TOP OF THE 9TH
Orlando Calrissian batting - Pitching for Springfield Stars : RHP Luis Cortéz
Pitching: LHP John Livingston
Batting: LHB Craig Kenney 0-0: Called Strike
0-1: Called Strike
0-2: Ball
1-2: Fly out, F8 (Line Drive, 8LM)
Batting: RHB Jesús Gonzáles 0-0: Ball
1-0: Ground out 6-3 (Groundball, 6)
Batting: RHB Júlio Negrón 0-0: Ball
1-0: Ball
2-0: Ball
3-0: Base on Balls
Batting: RHB Rich Anderson 0-0: Called Strike
0-1: Ball
1-1: Ball
2-1: Ball
3-1: Foul Ball, location: 2F
3-2: Foul Ball, location: 2F
3-2: SINGLE (Flyball, 78S)
Júlio Negrón to second
Júlio Negrón to third
Batting: SHB Javier Jiménez 0-0: Called Strike
0-1: Ground out U3 (Groundball, 34)
Top of the 9th over - 0 runs, 1 hit, 0 errors, 2 left on base; Orlando 3 - Springfield 1
BOTTOM OF THE 9TH
Springfield Stars batting - Pitching for Orlando Calrissian : RHP Will Huggins
Pitching: RHP Dave Heath
Batting: LHB Felipe Guerrero 0-0: Ball
1-0: Foul Ball, location: 2F
1-1: Ball
2-1: Swinging Strike
2-2: Ball
3-2: Ground out 4-3 (Groundball, 4)
Batting: LHB Elliott Newell 0-0: Ball
1-0: SINGLE (Line Drive, 6D)
Batting: RHB Juan Carlos Rodríguez 0-0: Called Strike
0-1: Ball
1-1: Ball
2-1: Ball
3-1: Swinging Strike
3-2: Ground out 6-3 (Groundball, 6S)
Elliott Newell to second
Pinch Hitting: SHB António De La Cruz 0-0: Ball
1-0: Ball
2-0: Foul Ball, location: 2F
2-1: Foul Ball, location: 2F
2-2: Foul Ball, location: 2F
2-2: Foul Ball, location: 2F
2-2: Ball
3-2: Foul Ball, location: 2F
3-2: Base on Balls
Batting: RHB Dave Henderson 0-0: Ground out 1-3 (Groundball, P)
Bottom of the 9th over - 0 runs, 1 hit, 0 errors, 2 left on base; Orlando 3 - Springfield 1
Saturday, December 16th, 2017 - OOTP Baseball 18.8 Build 76